 Dungeon Crawl Stone Soup version 0.32-a0-329-ge6c31236d6 (webtiles) character file.

Game seed: 1202667520949691581

141 zeratav the Trooper (level 5, -1/38 HPs)
             Began as an Octopode Shapeshifter on Feb 16, 2024.
             Slain by a goblin
             ... wielding a +2 dagger of venom
             ... led by Robin
              (3 damage)
             ... on level 2 of the Dungeon.
             The game lasted 00:01:27 (1730 turns).

zeratav the Trooper (Octopode Shapeshifter)         Turns: 1730, Time: 00:01:28

Health: -1/38      AC:  1    Str: 15    XL:     5   Next: 24%
Magic:  5/5        EV: 13    Int: 13    God:
Gold:   78         SH:  0    Dex: 11    Spells: 4/4 levels left

rFire   . .          .
                       - Unarmed
rCold   + . .        (no shield)
rNeg    . . .        (helmet currently unavailable)
rPois   .            (no amulet)
rElec   .            d - ring of protection from cold
rCorr   .            (no ring)
SInv    .            (no ring)
Will    .....        (no ring)
Stlth   ++           (no ring)
HPRegen 0.26/turn    (no ring)
MPRegen 0.09/turn    (no ring)
                     (no ring)

%: no passive effects
@: lethally poisoned (-1 -> -6), beast-form
A: beast (slay +1), almost no armour, amphibious, 8 rings, camouflage 1,
gelatinous body 1, (nimble swimmer 1), tentacles
a: Begin Untransformation


You were on level 2 of the Dungeon.
You were a hulking beast.
You visited 1 branch of the dungeon, and saw 2 of its levels.

You collected 78 gold pieces.


Innate Abilities, Weirdness & Mutations

You are a hulking beast.
Your limbs bulge with bestial killing power. (Slay +1)
You cannot wear most types of armour.
You are amphibious.
You can wear up to eight rings at the same time.
Your skin changes colour to match your surroundings (Stealth+).
Your rubbery body absorbs attacks. (AC +1, EV +1)
((You are camouflaged when in or above water. (Stealth+)))
You have tentacles for arms and can constrict up to eight enemies at once.


   Skills:
 + Level 4.9 Fighting
 - Level 2.0 Dodging
 - Level 3.0 Unarmed Combat
 - Level 3.0 Shapeshifting


You had 4 spell levels left.
You didn't know any spells.
Your spell library was empty.

Inventory:

Jewellery
 d - a ring of protection from cold (left tentacle)
   (You found it on level 1 of the Dungeon)
 f - a ring of flight
   (You found it on level 1 of the Dungeon)
Talismans
 b - a beast talisman (active)
 c - a flux talisman
Scrolls
 e - a scroll of teleportation {unknown}
 h - 2 scrolls of identify {unknown}
 j - a scroll of vulnerability {unknown}
 l - a scroll of poison {unknown}
Potions
 a - a potion of lignification {!q}
 i - a potion of invisibility {unknown}
 k - a potion of degeneration {unknown}
 m - a potion of brilliance {unknown}

Dungeon Overview and Level Annotations

Branches:
Dungeon (2/15) Zot: 10275

Altars:

Annotations:
D:2 Robin

######### #........
#####........
######hg..........
#....#g########### ##
###>##.#g### ...
#.......g..# ....
#.......g..#
.....#.......g..#
..............)g#
#####..........g......
###'########g.gSg.


You could see Robin, 3 hobgoblins and 4 goblins.


Message History

HP[+1]
Items here: )) [[ †.
There is an open door here.
Things that are here:
a +0 dagger {short}; an orc corpse
l - a scroll labelled XUWKED HIMMO HP[+17]
Your hp is fully restored (38).
You now have 78 gold pieces (gained 9).
A ribbon worm comes into view.
A ribbon worm is nearby!
The ribbon worm bites you.
HP[-6]
You take 6 damage, and now have 32/38 hp.
You bludgeon the ribbon worm! You grab the ribbon worm.
You constrict the ribbon worm. The ribbon worm barely misses you.
You tentacle-slap the ribbon worm. You constrict the ribbon worm.
The ribbon worm bites you.
HP[-5]
You take 5 damage, and now have 27/38 hp.
You tentacle-slap the ribbon worm.
You kill the ribbon worm!
No target in view!
No target in view!
No target in view!
No target in view!
No target in view!
No target in view!
No target in view!
No target in view!
No target in view!
No target in view!
No target in view!
m - a fuming golden potion HP[+11]
Your hp is fully restored (38).
You open the door.
Found a stone staircase leading down.
There is an open door here.
You open the door.
Robin, 3 hobgoblins and 8 goblins come into view.
A goblin is wielding a +2 dagger of venom.
The hobgoblin shouts! x2; The goblin shouts! x5; You hear an angry hiss. x3
The goblin shouts! x2
You tentacle-slap the goblin. You grab the goblin. You constrict the goblin.
The goblin hits you with a +0 club.
HP[-2]
You take 2 damage, and now have 36/38 hp.
You tentacle-slap the goblin.
You kill the goblin!
Robin throws the goblin at you!
You tentacle-slap the goblin but do no damage.
You grab the goblin. You squeeze the goblin.
You kill the goblin!
A ball python comes into view.
Robin throws the goblin at you!
HP[-3]
You take 3 damage, and now have 33/38 hp.
You barely miss the goblin. Your grab misses the goblin.
The goblin hits you with a +2 dagger of venom.
You are poisoned.
The goblin hits you with a +0 club.
Robin says, "Kneel, worm!"
HP[-6]
You take 6 damage, and now have 27/38 hp.
You feel very sick. The goblin barely misses you.
HP[-2]
You take 2 damage, and now have 25/38 hp.
You feel very sick. The goblin attacks as it pursues you!
The goblin hits you with a +2 dagger of venom.
* * * LOW HITPOINT WARNING * * *
You are lethally poisoned!
HP[-7]
You take 7 damage, and now have 18/38 hp.
* * * LOW HITPOINT WARNING * * *
You feel very sick.
HP[-4]
You take 4 damage, and now have 14/38 hp.
* * * LOW HITPOINT WARNING * * *
You feel very sick.
HP[-4]
You take 4 damage, and now have 10/38 hp.
* * * LOW HITPOINT WARNING * * *
You feel very sick. The goblin attacks as it pursues you!
The goblin misses you.
HP[-2]
You take 2 damage, and now have 8/38 hp.
* * * LOW HITPOINT WARNING * * *
You feel sick.
HP[-2]
You take 2 damage, and now have 6/38 hp.
It was a potion of magic.
Magic courses through your body.
* * * LOW HITPOINT WARNING * * *
You feel sick. Robin throws the goblin at you!
* * * LOW HITPOINT WARNING * * *
The goblin misses you.
The goblin hits you with a +2 dagger of venom.
You die...

Skill      XL: |  1  2  3  4 |
---------------+-------------+-----
Fighting       | 2 3 4 |  4.9
Dodging        | |  2.0
Unarmed Combat | |  3.0
Shapeshifting  | |  3.0

Action                     |  1- 3 |  4- 6 || total
---------------------------+-------+-------++-------
  Melee: Unarmed           |    52 |    49 ||   101
         Constrict         |    12 |    16 ||    28
         Tentacles         |     9 |     9 ||    18
         Punch             |     1 |       ||     1
    Use: Potion            |       |     1 ||     1
   Stab: Sleeping          |     6 |     2 ||     8
 Armour: Skin              |    23 |    30 ||    53
  Dodge: Dodged            |    18 |    32 ||    50

Levels and vault maps discovered:
D:1:      tarquinn_simple_flora_water_e, layout_basic
D:2:      minmay_chambers_of_twos, layout_basic,
          chequers_ecumenical_altar_grove, uniq_robin

Notes
Turn   | Place    | Note
-------+----------+-------------------------------------------
     0 | D:1      | zeratav the Octopode Shapeshifter began the quest for the
                  | Orb.
     0 | D:1      | Reached XP level 1. HP: 13/13 MP: 1/1
     0 | D:1      | magus.rc [v1.9.6]
    15 | D:1      | HP: 2/14 [frozen (4)]
    16 | D:1      | Reached skill level 2 in Fighting
    16 | D:1      | Reached XP level 2. HP: 3/19 MP: 2/2
   240 | D:1      | Reached XP level 3. HP: 25/25 MP: 3/3
   269 | D:1      | Reached skill level 3 in Fighting
   763 | D:1      | Reached XP level 4. HP: 33/33 MP: 4/4
  1158 | D:2      | Reached skill level 4 in Fighting
  1481 | D:2      | Reached XP level 5. HP: 22/38 MP: 5/5
  1719 | D:2      | Noticed Robin
  1728 | D:2      | HP: 8/38 [poisoned by a goblin]
  1730 | D:2      | HP: 2/38 [Robin/goblin (2)]
  1730 | D:2      | Slain by a goblin

Vanquished Creatures
  An orc priest (D:2)
  An adder (D:2)
  2 dart slugs (D:1)
  2 ribbon worms (D:2)
  3 orcs (D:2)
  6 ball pythons
  4 endoplasms (D:1)
  5 giant cockroaches
  8 goblins
  3 hobgoblins (D:1)
  3 jackals (D:2)
  A quokka (D:1)
  2 bats
  2 frilled lizards
  3 kobolds
  6 rats
52 creatures vanquished.

Table legend:
 A = Non-vault XP
 B = Vault XP
 C = Vault XP percentage of total XP
 D = Non-vault monster count
 E = Vault monster count
 F = Vault count percentage of total count
                 A         B        C        D         E       F
            +---------+---------+-------+---------+---------+-------
      Total |     196 |       6 |   3.0 |      50 |       2 |   3.8
            +---------+---------+-------+---------+---------+-------
        D:1 |      90 |       0 |   0.0 |      32 |       0 |   0.0
        D:2 |     106 |       6 |   5.4 |      18 |       2 |  10.0
            +---------+---------+-------+---------+---------+-------

Skill      XL: |  1  2  3  4 |
---------------+-------------+-----
Fighting       | 2 3 4 |  4.9
Dodging        | |  2.0
Unarmed Combat | |  3.0
Shapeshifting  | |  3.0

Action                     |  1- 3 |  4- 6 || total
---------------------------+-------+-------++-------
  Melee: Unarmed           |    52 |    49 ||   101
         Constrict         |    12 |    16 ||    28
         Tentacles         |     9 |     9 ||    18
         Punch             |     1 |       ||     1
    Use: Potion            |       |     1 ||     1
   Stab: Sleeping          |     6 |     2 ||     8
 Armour: Skin              |    23 |    30 ||    53
  Dodge: Dodged            |    18 |    32 ||    50

Illustrated notes

Table legend:
 A = Kills in this place as a percentage of kills in the entire game.
 B = Kills by you in this place as a percentage of kills by you in the entire game.
 C = Kills by friends in this place as a percentage of kills by friends in the entire game.
 D = Other kills in this place as a percentage of other kills in the entire game.
 E = Experience gained in this place as a percentage of experience gained in the entire game.
 F = Experience gained in this place divided by the number of levels of this place that you have seen.
                   A       B       C       D       E      F
               +-------+-------+-------+-------+-------+----------------------
         Total | 100.0 | 100.0 |   N/A |   N/A | 100.0 | 101.0
       Dungeon | 100.0 | 100.0 |   N/A |   N/A | 100.0 | 101.0
               +-------+-------+-------+-------+-------+----------------------

Table legend: (Time is in decaauts)
 A = Elapsed time spent in this place.
 B = Non-inter-level travel time spent in this place.
 C = Inter-level travel time spent in this place.
 D = Time resting spent in this place.
 E = Time spent auto-exploring this place.
 F = Levels seen in this place.
 G = Mean time per level.
                   A        B        C        D        E       F      G
               +--------+--------+--------+--------+--------+-----+--------+
         Total |   1723 |   1691 |     32 |     67 |   1369 |   2 |  861.5 |
       Dungeon |   1723 |   1691 |     32 |     67 |   1369 |   2 |  861.5 |
               +--------+--------+--------+--------+--------+-----+--------+

Top non-repeatable levels by time:
     D:1: 1148 daAuts
     D:2: 574 daAuts
